Amaranta II, neutral female human Wizard ------- --------- ----------- ------------- |.V..... |...|...| |.........| |.|..*......| |@|...-----.|.|.|.---------.^.|.| |.|.---.---.|-- |.|.|.%.|...|...|.............|.|.| |.....|.....|.| .| |.|.---.|.-------.-...---------.|.| -------[---.|.| ----- ----.| |...| .....| |...*.| ........|.|...| |...| ..*|.| ---.- ....| ---.|.-.|---------|.---.--- -----.|.| ...-.| . |...|. .|.........|.[.|...| |.....|.| ...|.| ---.|---|*........|.|.---.| |.|.--|.-------.| |.|...-))^.<*.....|...|.| |.|...|...|.[...| ---.|.--|[.......^|--.--|.----|.|.|.---.|.---.| |...|.|.|........+|...| |.....|.|.|...|.|.|...| ---.|.|.-----------.----|...|.|.|-|.|.|.| |.|.| + .....|.....|.......|...|...|.|.| |.|...| |.|. * * -------.-----.---.--|.-.|...|.|.| --|.-.---.| |...|.........^.|...|...|.*.|.|.| |.......| * ? |...|.-------.-.---...{.|.|.|.|.| --------- |.........| |.....|.+.....|.....| * ----------- --------------------- Amaranta II the Thaumaturge Experience level: 8 Strength: 13 Dexterity: 13 Constitution: 17 Intelligence: 16 Wisdom: 14 Charisma: 9 Health: 0(69) Energy: 84(92) Def: 7 Gold: 673 Moves: 5944 Dungeon seed: GEA8oruEYrYVitnU Game ID: Amaranta II_1442658633 Your Inventory: Coins $ - 673 gold pieces Amulets U - an uncursed amulet versus poison (being worn) Weapons a - a blessed +1 quarterstaff (weapon in hands) M - 2 +0 elven daggers Armor e - a blessed +0 cloak of magic resistance (being worn) n - an uncursed +0 studded leather armor (being worn) y - an uncursed +0 pair of jumping boots (being worn) z - an uncursed +0 dwarvish iron helm (being worn) Y - an uncursed burnt +0 pair of leather gloves (being worn) Comestibles r - 2 uncursed food rations J - an uncursed cram ration Scrolls i - an uncursed scroll of teleportation j - a blessed scroll of remove curse p - 2 uncursed scrolls of food detection v - an uncursed scroll of scare monster D - 2 uncursed scrolls of enchant armor H - 2 uncursed scrolls of create monster Z - an uncursed scroll of remove curse Potions F - an uncursed potion of sleeping Rings c - an uncursed ring of sustain ability d - an uncursed ring of shock resistance T - a cursed -1 ring of gain constitution X - an uncursed ring of protection from shape changers Wands b - a wand of locking (0:5) x - a wand of speed monster (0:5) A - a wand of digging (0:4) N - a wand of striking (0:6) P - a wand of striking (0:7) Tools g - an uncursed partly used wax candle (lit) (0:104) l - a blessed oil lamp (0:0) m - an uncursed towel o - a magic marker (0:64) s - an uncursed skeleton key u - a +0 unicorn horn K - a magic marker (0:63) Q - an uncursed partly used wax candle (lit) (0:104) S - an expensive camera (0:96) Gems q - a blessed touchstone t - an uncursed ruby C - an uncursed emerald R - an uncursed touchstone V - 3 uncursed diamonds Spells and supernatural/magical abilities: Name Level Category Fail Memory a - force bolt 1 attack 0% 71% k - knock 1 matter 0% 71% m - magic missile 2 attack 0% 71% B - cure blindness 2 healing 70% 98% W - pray for help -- divine ? -- Y - supernatural jump -- ability ? -- Your skills at the end: Fighting Skills Weapon Skills quarterstaff [Expert] Spellcasting Skills attack spells [Skilled] enchantment spells [Basic] Final Attributes: You were fervently aligned. You were poison resistant. You were magic-protected. You were telepathic. You could jump. You are dead. Vanquished creatures: a vampire a giant zombie 2 small mimics an ettin mummy a shocking sphere a dwarf king a leather golem a watchman a gremlin a leprechaun a giant spider 3 orc mummies a dwarf mummy a chickatrice a dwarf lord a white unicorn a dust vortex a plains centaur a snake a rock piercer a fog cloud 9 gnome lords 4 gnomish wizards 2 kobold mummies 2 little dogs 2 floating eyes 17 dwarves a homunculus 4 hill orcs 3 rothes a rabid rat a centipede an orc zombie 3 dwarf zombies a werejackal 2 iguanas 2 killer bees a coyote a gas spore 4 hobbits a large kobold a hobgoblin 2 cave spiders a brown mold a green mold 35 gnomes a gecko 10 jackals 2 foxen a kobold a goblin 3 grid bugs a bat 3 lichens 3 kobold zombies 3 newts 154 creatures vanquished. Voluntary challenges: You had been an atheist until turn 2901. You used a wielded weapon 218 times, starting on turn 257. You read items or engraved 14 times, starting on turn 2048. You never genocided any monsters. You never polymorphed an object. You never changed form. You used no wishes. You never split a pudding. You never wrote Elbereth's name. You violated your moral code, losing 4 points of alignment, starting on turn 2922. You abstained from Elbereth's help. Dungeon overview: The Dungeons of Doom: levels 1 to 5 Level 1 a long staircase Level 2 a general store, a fountain Level 3 a scroll shop stairs to The Gnomish Mines Level 4 some fountains Level 5 a fountain The Gnomish Mines: levels 4 to 12 Level 4 stairs to The Dungeons of Doom Level 5 Level 6 many shops, a temple to Thoth, some fountains Level 7 Level 8 Level 9 Level 10 Level 11 Level 12 <- You were here a fountain History has recorded: On T:1 you entered the Dungeons of Doom to retrieve the Amulet of Yendor! On T:367 you reached level 2 of The Dungeons of Doom. On T:867 you reached level 3 of The Dungeons of Doom. On T:884 you advanced to experience level 2. On T:1160 you advanced to experience level 3. On T:1309 you reached level 4 of The Dungeons of Doom. On T:1311 you advanced to experience level 4. On T:2018 you reached level 1 of The Gnomish Mines. On T:2039 you advanced to experience level 5. On T:2309 you reached level 2 of The Gnomish Mines. On T:2770 you reached level 3 of The Gnomish Mines. On T:2884 you advanced to experience level 6. On T:3517 you reached level 4 of The Gnomish Mines. On T:3829 you advanced to experience level 7. On T:3943 you reached level 5 of The Gnomish Mines. On T:4182 you reached level 6 of The Gnomish Mines. On T:4529 you reached level 7 of The Gnomish Mines. On T:4722 you advanced to experience level 8. On T:4857 you reached level 8 of The Gnomish Mines. On T:5252 you reached level 9 of The Gnomish Mines. Score breakdown: Gold: 673 ( 67 points) Experience: 8 levels ( 700 points) Exploration: 12 levels ( 330 points) Discoveries: 48 items ( 2000 points) Variety of kills: 56 monsters ( 2000 points) Major goal: (nothing yet) ( 0 points) Survival: died (score multiplied by 3) Total score: 15291 Latest messages: P - a wand of striking (0:7). Q - an uncursed wax candle (0:400). S - an expensive camera (0:96). T - a cursed -1 ring of gain constitution. U - an uncursed amulet versus poison. W - an uncursed tallow candle (0:200). Y - an uncursed +0 pair of leather gloves (being worn). Your feet are frozen to the floor! The vampire lord hits! The vampire lord bites! The vampire lord hits! The vampire lord bites! The vampire lord hits! The vampire lord bites! The vampire lord hits! The vampire lord bites! The vampire lord hits! The vampire lord bites! The vampire lord hits! The vampire lord bites! The vampire lord hits! The vampire lord bites! The vampire lord hits! You die... Final status: Goodbye Amaranta II the Wizard, killed by a vampire lord, while frozen by a potion... You died in The Gnomish Mines on dungeon level 12 with 15291 points, and 673 pieces of gold, after 5944 moves. You were level 8 with a maximum of 69 hit points when you died.